 Dungeon Crawl Stone Soup version 0.31-a0-1338-gb567cfdca4 (webtiles) character file.

Game seed: 5183768180311701189

10338 Aldia the Cruncher (level 11, -3/120 HPs)
             Began as an Oni Warper on Dec 23, 2023.
             Was a Believer of Nemelex Xobeh.
             Succumbed to a cane toad's poison
             ... on level 1 of the Lair of Beasts.
             The game lasted 00:24:31 (10284 turns).

Aldia the Cruncher (Oni Warper)                    Turns: 10284, Time: 00:24:31

Health: -3/120     AC:  7    Str: 21    XL:     11   Next: 60%
Magic:  16/16      EV:  9    Int: 14    God:    Nemelex Xobeh [**....]
Gold:   790        SH:  0    Dex:  8    Spells: 6/16 levels left

rFire   . . .        a - +8 lajatang (speed)
rCold   . . .        (shield currently unavailable)
rNeg    . . .        L - +0 acid dragon scales
rPois   .            (helmet currently unavailable)
rElec   .            i - melded +1 cloak
rCorr   +            (gloves unavailable)
SInv    .            (boots unavailable)
Will    +....        (no amulet)
Stlth   +            r - ring of flight
HPRegen 0.40/turn    (no ring)
MPRegen 0.15/turn

%: no passive effects
@: lethally poisoned (-3 -> -18), beast-form, flying
A: beast (slay +2), drunken brawling, large, unfitting armour, horns 1, tough
skin 1, double potion healing
a: Begin Untransformation, Renounce Religion, Draw Escape, Draw Destruction,
Draw Summoning


You were on level 1 of the Lair of Beasts.
You worshipped Nemelex Xobeh.
Nemelex Xobeh was pleased with you.
You were a hulking beast.
You visited 3 branches of the dungeon, and saw 13 of its levels.
You also visited: Bailey.

You collected 790 gold pieces.

Inventory:

Hand Weapons
 a - a +8 lajatang of speed (weapon)
 j - a +0 giant spiked club
 o - a +0 giant club
Missiles
 d - 7 darts of dispersal (quivered)
 g - 5 poisoned darts
 t - 5 large rocks
 u - a throwing net
Armour
 i - a +1 cloak (melded)
 E - +0 steam dragon scales
 F - a +0 troll leather armour
 L - +0 acid dragon scales (worn)
Magical Staves
 h - a staff of air
Jewellery
 r - a ring of flight (left hand)
Talismans
 p - a maw talisman
 q - a beast talisman (active)
Wands
 b - a wand of mindburst (11)
 n - a wand of flame (17)
 v - a wand of charming (6)
 y - a wand of polymorph (4)
Scrolls
 c - 3 scrolls of blinking
 e - 3 scrolls of poison
 k - 5 scrolls of teleportation
 C - 2 scrolls of vulnerability
 D - a scroll of silence
 K - a scroll of amnesia
Potions
 f - a potion of cancellation {unknown}
 l - 7 potions of resistance
 m - 4 potions of mutation
 s - 2 potions of heal wounds {unknown}
 w - a potion of ambrosia {unknown}
 x - 2 potions of brilliance {unknown}
 z - 2 potions of degeneration {unknown}
 B - 2 potions of enlightenment {unknown}
 G - 4 potions of haste {unknown}
 H - a potion of might {unknown}
 I - 3 potions of experience {unknown}
 J - 2 potions of magic {unknown}


   Skills:
 + Level 11.4 Fighting
 - Level 3.2(8.1) Maces & Flails
 * Level 11.7(11.9) Staves
 - Level 1.0 Throwing
 + Level 2.9 Armour
 - Level 2.1 Dodging
 - Level 3.0 Spellcasting
 - Level 5.0 Translocations
 + Level 7.3 Invocations
 - Level 5.1 Shapeshifting


You had 6 spell levels left.
You knew the following spells:

 Your Spells              Type           Power      Damage    Failure   Level
a - Blink                 Tloc           32%        N/A       5%          2
b - Manifold Assault      Tloc           16%        N/A       34%         4
c - Vhi's Electric Charg  Tloc/Air       18%        N/A       67%         4

Your spell library contained the following spells:

 Spells                   Type           Power      Damage    Failure   Level
 Lesser Beckoning         Tloc           32%        N/A       5%          2
 Teleport Other           Tloc           16%        N/A       11%         3
 Call Imp                 Summ           4%         N/A       38%         2
 Static Discharge         Conj/Air       4%         3-4/arc   38%         2
 Sublimation of Blood     Necr           2%         N/A       38%         2
 Dazzling Flash           Conj/Hex       4%         N/A       63%         3
 Inner Flame              Hex/Fire       2%         N/A       63%         3
 Mephitic Cloud           Conj/Alch/Air  2%         N/A       63%         3
 Airstrike                Air            1%         2d(1-17)  95%         4
 Flame Wave               Conj/Fire      2%         2d4       95%         4
 Sticky Flame             Fire/Alch      2%         2d4       95%         4
 Summon Ice Beast         Ice/Summ       2%         N/A       95%         4
 Summon Lightning Spire   Summ/Air       2%         N/A       95%         4
 Agony                    Necr           2%         N/A       100%        5
 Silence                  Hex/Air        1%         N/A       100%        5
 Summon Mana Viper        Hex/Summ       2%         N/A       100%        5
 Monstrous Menagerie      Summ           1%         N/A       100%        7
 Summon Hydra             Summ           1%         N/A       100%        7


Dungeon Overview and Level Annotations

Branches:
Dungeon (11/15)            Temple (1/1) D:7            Lair (1/5) D:11
    Orc (0/2) D:10         Bailey (visited)

Altars:
Ashenzari
Cheibriados
Dithmenos
Elyvilon
Fedhas
Gozag
Hepliaklqana
Kikubaaqudgha
Nemelex Xobeh
Okawaru
Qazlal
Ru
Sif Muna
Trog
Uskayaw
Vehumet
Wu Jian
Xom
Yredelemnul
Zin
The Shining One

Shops:
D:3 (


Innate Abilities, Weirdness & Mutations

You are a hulking beast.
Your limbs bulge with bestial killing power. (Slay +2)
Whenever you drink a potion that restores your health or magic, you attack all enemies around you.
You are too large for most types of armour.
You have a pair of small horns on your head.
You have tough skin. (AC +1)
Whenever you drink a potion that restores your health or magic, it restores twice as much.


Message History

You easily resist.
The basilisk bites you but does no damage.
The basilisk bites you! The basilisk bites you!
The basilisk completely misses you.
You turn to flesh and can move again.
Unknown command.
Unknown command.
Unknown command.
You open the basilisk like a pillowcase!!!
You kill the basilisk!
You hear a croak.
A cane toad comes into view.
You see here a basilisk corpse.
You see here a basilisk corpse.
The cane toad attacks as it pursues you!
The cane toad stings you but does no damage.
You closely miss the cane toad. You closely miss the cane toad.
The cane toad stings you!!
* * * LOW HITPOINT WARNING * * *
You barely miss the cane toad. Your headbutt misses the cane toad.
The cane toad misses you.
You slice the cane toad!! Your headbutt misses the cane toad.
The cane toad is heavily wounded.
The cane toad barely misses you.
You slash the cane toad!
The cane toad is almost dead.
You completely miss the cane toad.
The cane toad is almost dead.
The cane toad stings you!!
* * * LOW HITPOINT WARNING * * *
You are lethally poisoned!
The cane toad poisons you!
You slice the cane toad!!
You kill the cane toad!
* * * LOW HITPOINT WARNING * * *
You feel very sick.
Unknown command.
You die...
Your body glows slightly and disappears.

# ###
#.####.######
#.........<.#
#.....††.h..#
#.^.........#
#...........#
#.............#
##..#.###.....#
##... ##....#
.... ######
..###


There were no monsters in sight!

Vanquished Creatures
  2 two-headed ogres
  Maurice (D:9)
  An elephant (D:11)
  A cane toad (Lair:1)
  A komodo dragon (D:10)
  A troll (D:11)
  A vampire (D:10)
  2 basilisks
  A wyvern (D:11)
  4 yaks (D:8)
  Eustachio (D:4)
  6 vampire mosquitoes
  3 steam dragons
  2 acid dragons (D:10)
  2 water moccasins
  2 black bears
  5 orc warriors
  2 ice beasts
  A sky beast (D:6)
  4 ogres
  A centaur (D:10)
  3 phantoms
  6 bullfrogs
  3 scorpions (D:5)
  10 wights
  8 killer bees
  9 howler monkeys
  10 orc priests
  6 hounds
  2 jellies
  4 iguanas
  2 sleepcaps
  15 orc wizards
  13 gnolls
  11 adders
  A white imp (D:7)
  4 worms
  4 dart slugs
  64 orcs
  10 ball pythons
  6 bats
  4 endoplasms
  5 giant cockroaches
  16 goblins
  7 hobgoblins
  A jackal (D:5)
  8 kobolds
  7 quokkas
  2 frilled lizards
  3 rats
288 creatures vanquished.

Vanquished Creatures (collateral kills)
  A gnoll (Bailey)
  2 orcs (Bailey)
3 creatures vanquished.

Vanquished Creatures (others)
  A gnoll (Bailey)
1 creature vanquished.

Grand Total: 292 creatures vanquished

Notes
Turn   | Place    | Note
-------+----------+-------------------------------------------
     0 | D:1      | Aldia the Oni Warper began the quest for the Orb.
     0 | D:1      | Reached XP level 1. HP: 22/22 MP: 3/3
   116 | D:1      | Reached XP level 2. HP: 29/29 MP: 5/5
  1013 | D:2      | Reached XP level 3. HP: 37/37 MP: 7/7
  1021 | D:2      | Learned a level 2 spell: Blink
  1027 | D:2      | Found a faded altar of an unknown god.
  1300 | D:2      | Reached XP level 4. HP: 38/45 MP: 8/8
  1977 | D:3      | Identified a scroll of acquirement
  1977 | D:3      | Acquired a +5 lajatang of speed
  2088 | D:3      | Reached skill level 1 in Staves
  2136 | D:3      | Reached XP level 5. HP: 54/54 MP: 9/9
  2288 | D:3      | Found Mufrag's Antique Weapon Shoppe.
  2618 | D:4      | Reached XP level 6. HP: 63/63 MP: 10/10
  2674 | D:4      | Found a bloodstained altar of Trog.
  2765 | D:4      | Noticed Eustachio
  2777 | D:4      | Killed Eustachio
  2778 | D:4      | Reached skill level 5 in Fighting
  3033 | D:4      | Reached XP level 7. HP: 72/72 MP: 11/11
  3307 | D:5      | Entered Level 5 of the Dungeon
  3505 | D:5      | Reached skill level 1 in Shapeshifting
  3884 | D:5      | Reached XP level 8. HP: 81/83 MP: 12/12
  3940 | D:5      | Reached skill level 5 in Staves
  4287 | D:5      | Reached skill level 5 in Translocations
  4576 | D:6      | Learned a level 4 spell: Manifold Assault
  4581 | D:6      | Learned a level 4 spell: Vhi's Electric Charge
  4967 | D:6      | Reached XP level 9. HP: 83/93 MP: 13/13
  5350 | D:7      | Found a blossoming altar of Fedhas.
  5476 | D:7      | Found a staircase to the Ecumenical Temple.
  5485 | Temple   | Entered the Ecumenical Temple
  5507 | Temple   | Became a worshipper of Nemelex Xobeh the Trickster
  5771 | D:7      | Reached skill level 1 in Invocations
  5892 | D:7      | Reached * piety under Nemelex Xobeh
  6685 | D:8      | Received a gift from Nemelex Xobeh
  6742 | D:8      | Reached XP level 10. HP: 86/107 MP: 14/14
  6746 | D:8      | Reached skill level 5 in Shapeshifting
  7616 | D:9      | Noticed Maurice
  7622 | D:9      | Maurice stole a beast talisman
  7625 | D:9      | Killed Maurice
  7739 | D:9      | Reached skill level 10 in Fighting
  7739 | D:9      | Reached skill level 5 in Invocations
  7745 | D:9      | Reached skill level 10 in Staves
  7754 | D:9      | Found a flagged portal.
  7764 | Bailey   | Entered a bailey
  8068 | Bailey   | Reached ** piety under Nemelex Xobeh
  8721 | D:9      | Found a hazy altar of Hepliaklqana.
  8722 | D:9      | Found a shimmering altar of Xom.
  8722 | D:9      | Noticed a spectral ugly thing
  8723 | D:9      | Noticed a spectral ugly thing
  8723 | D:9      | Noticed a spectral ugly thing
  9124 | D:10     | Entered Level 10 of the Dungeon
  9186 | D:10     | Received a gift from Nemelex Xobeh
  9532 | D:10     | Reached XP level 11. HP: 112/116 MP: 15/15
  9538 | D:10     | Reached skill level 1 in Armour
  9782 | D:10     | Found a staircase to the Orcish Mines.
  9817 | D:10     | Noticed a two-headed ogre
  9834 | D:10     | Killed a two-headed ogre
  9907 | D:10     | Found a glowing golden altar of the Shining One.
 10085 | D:10     | You are sucked into a shaft and drop 1 floor!
 10129 | D:11     | Found a staircase to the Lair.
 10131 | D:11     | Noticed a two-headed ogre
 10151 | D:11     | Killed a two-headed ogre
 10259 | Lair:1   | Entered Level 1 of the Lair of Beasts
 10282 | Lair:1   | HP: 4/120 [cane toad (22)]
 10283 | Lair:1   | HP: 1/120 [poisoned by a cane toad]
 10284 | Lair:1   | Succumbed to a cane toad's poison

Illustrated notes

Levels and vault maps discovered:
D:1:      saegor_arrival_simple_e, layout_basic, serial_co_window_serial,
          co_window_of_opportunity_a, co_window_paths_a, co_window_paths_a,
          co_window_of_opportunity_a, co_window_corner_a, co_window_broadway_c,
          co_window_of_opportunity_c, co_window_2corner, co_window_corner_ca,
          co_window_2corner, glass_columns_a, glass_columns_a,
          corexii_corridor_pit
D:2:      layout_rooms, basic_ecumenical_altar
D:3:      layout_basic, serial_shops, shop, grunt_decor_junction
D:4:      layout_basic, kennysheep_mini, uniq_eustachio
D:5:      kennysheep_spiral_hall, layout_loops_ring, minmay_bent
D:6:      layout_rooms, minmay_ogre_servants
D:7:      layout_basic, nicolae_overflow_hidden_temple,
          minmay_temple_entry_antechambers
D:8:      layout_rooms, minmay_misc_feat_encased
D:9:      layout_basic, regret_index_temple_of_mockery, enter_bailey_3,
          uniq_maurice
D:10:     layout_cave_pools, tso_altar, lightli_temple_of_fire, david_orc_4
D:11:     layout_long_grid, david_lair_generic
Temple:   lightli_temple_of_artemis
Lair:1:   layout_roguey, grunt_megastairs_2

Skill      XL: |  1  2  3  4  5  6  7  8  9 10 11 |
---------------+----------------------------------+-----
Fighting       | 3 4 5 6 7 9 10 11 | 11.4
Translocations | 3 4 5 |  5.0
Spellcasting   | 3 |  3.0
Maces & Flails | 3 |  3.2
Staves         | 1 2 3 4 6 8 10 11 | 11.7
Shapeshifting  | 1 3 4 5 |  5.1
Invocations    | 3 6 7 |  7.3
Armour         | 2 |  2.9
Throwing       | |  1.0
Dodging        | |  2.1

Action                     |  1- 3 |  4- 6 |  7- 9 | 10-12 || total
---------------------------+-------+-------+-------+-------++-------
  Melee: Mace              |   103 |    54 |       |       ||   157
         Headbutt          |    12 |    12 |    40 |    30 ||    94
         Lajatang          |       |    95 |   237 |   264 ||   596
   Cast: Manifold Assault  |       |       |     1 |       ||     1
         Blink             |       |       |       |     1 ||     1
 Invoke: Draw Destruction  |       |       |       |     1 ||     1
  Evoke: Wand              |       |       |       |     3 ||     3
    Use: Scroll            |       |     8 |     5 |     6 ||    19
         Potion            |       |     1 |     1 |     1 ||     3
 Armour: Robe              |   105 |    75 |   128 |     2 ||   310
         Steam dragon scal |       |       |       |   123 ||   123
         Acid dragon scale |       |       |       |    91 ||    91
  Dodge: Dodged            |    70 |    52 |    78 |   113 ||   313
   Form: Beast             |       |       |     1 |       ||     1

Table legend: (Time is in decaauts)
 A = Elapsed time spent in this place.
 B = Non-inter-level travel time spent in this place.
 C = Inter-level travel time spent in this place.
 D = Time resting spent in this place.
 E = Time spent auto-exploring this place.
 F = Levels seen in this place.
 G = Mean time per level.
                   A        B        C        D        E       F      G
               +--------+--------+--------+--------+--------+-----+--------+
         Total |  10135 |   9726 |    409 |    885 |   6669 |  14 |  723.9 |
       Dungeon |   9372 |   8982 |    390 |    590 |   6545 |  11 |  852.0 |
        Temple |     42 |     23 |     19 |      0 |      0 |   1 |   42.0 |
          Lair |     22 |     22 |      0 |      0 |      0 |   1 |   22.0 |
        Bailey |    698 |    698 |      0 |    295 |    124 |   1 |  698.0 |
               +--------+--------+--------+--------+--------+-----+--------+

Top non-repeatable levels by time:
     D:7: 1313 daAuts
     D:5: 1231 daAuts
     D:1: 1170 daAuts
    D:10: 928 daAuts
     D:8: 886 daAuts
     D:4: 806 daAuts
     D:9: 781 daAuts
     D:6: 739 daAuts
     D:2: 705 daAuts
  Bailey: 698 daAuts
     D:3: 649 daAuts
    D:11: 160 daAuts
  Temple: 42 daAuts
  Lair:1: 22 daAuts
